 Dungeon Crawl Stone Soup version 0.24.0-123-gd5b16e6ec5 (webtiles) character file.

Game seed: 8896576190362020746, levelgen mode: deterministic

95 Locuples the Covered (level 4, -3/40 HPs)
             Began as a Minotaur Fighter on Jan 23, 2020.
             Slain by an orc (4 damage)
             ... on level 2 of the Dungeon.
             The game lasted 00:02:57 (1015 turns).

Locuples the Covered (Minotaur Fighter)             Turns: 1015, Time: 00:02:58

Health: -3/40      AC:  7    Str: 22    XL:     4   Next: 39%
Magic:  3/3        EV:  7    Int:  5    God:
Gold:   42         SH:  9    Dex:  9    Spells: 3/3 levels left

rFire    . . .     SeeInvis .   a - +0 flail
rCold    . . .     Gourm    .   c - +0 shield
rNeg     . . .     Faith    .   b - +0 scale mail
rPois    .         Spirit   .   (helmet restricted)
rElec    .         Reflect  .   (no cloak)
rCorr    .         Harm     .   (no gloves)
MR       .....                  (no boots)
Stlth    ..........             (no amulet)
HPRegen  0.13/turn              (no ring)
MPRegen  0.08/turn              (no ring)

@: no status effects
A: retaliatory headbutt, horns 2
a: no special abilities


You were on level 2 of the Dungeon.
You were hungry.

You visited 1 branch of the dungeon, and saw 2 of its levels.

You collected 42 gold pieces.

Inventory:

Hand Weapons
 a - a +0 flail (weapon)
Armour
 b - a +0 scale mail (worn)
 c - a +0 shield (worn)
Scrolls
 g - 5 scrolls of identify {unknown}
 h - a scroll of amnesia {unknown}
 i - a scroll of enchant weapon {unknown}
 k - a scroll of enchant armour {unknown}
 n - 2 scrolls of fog {unknown}
 o - a scroll of fear {unknown}
 p - a scroll of teleportation {unknown}
 s - a scroll of remove curse {unknown}
Potions
 d - a potion of might
 e - a potion of agility {unknown}
 j - 2 potions of mutation {unknown}
 l - a potion of curing {unknown}
 m - a potion of heal wounds {unknown}
 q - a potion of magic {unknown}
 r - a potion of cancellation {unknown}
 t - a potion of ambrosia {unknown}
Comestibles
 f - 2 rations


   Skills:
 - Level 3.7 Fighting
 * Level 4.5 Maces & Flails
 + Level 4.7 Armour
 - Level 3.8 Shields


You had 3 spell levels left.
You didn't know any spells.
Your spell library was empty.

Dungeon Overview and Level Annotations

Branches:
Dungeon (2/15)

Altars:


Innate Abilities, Weirdness & Mutations

You reflexively headbutt those who attack you in melee.
You have a pair of horns on your head.


Message History

The orc barely misses you. You block the orc's attack.
The orc hits you with a cursed -2 trident.
You sock the orc!
You kill the orc!
The orc closely misses you. The orc hits you but does no damage.
The orc hits you from afar with a +0 trident!
* * * LOW HITPOINT WARNING * * *
You block the orc's attack.
Found 2 scrolls labeled CIER BIUHEP.
Your shield prevents you from hitting the orc.
Your headbutt misses the orc.
You are feeling hungry.
You block the orc's attack.
You barely miss the orc.
The orc hits you from afar with a +0 trident!
* * * LOW HITPOINT WARNING * * *
A goblin comes into view. It is wielding a +0 club.
The goblin shouts!
The orc hits you.
You die...

... .. #.## ##### #..#
#.....########.######
........).))o..o..!>#
#.###.....#####.###...#
....#####.# #.o# #
...o#<###o# ##@#
....o...#.#..g........#
##..o.o.'.#.####.##.###
#......### ... #
#####.#### ##.
...##....# ..
....##...# #?
.....#...# ..
...).'...+


You could see 2 orcs and a goblin.

Vanquished Creatures
  2 orc wizards (D:2)
  A worm (D:2)
  A dart slug (D:1)
  An orc (D:2)
  4 bats (D:1)
  4 giant cockroaches
  6 goblins
  4 hobgoblins
  5 kobolds
  2 ball pythons (D:1)
  3 frilled lizards (D:1)
  3 rats
36 creatures vanquished.

Vanquished Creatures (others)
  4 toadstools (D:1)
4 creatures vanquished.

Grand Total: 40 creatures vanquished

Notes
Turn   | Place    | Note
-------+----------+-------------------------------------------
     0 | D:1      | Locuples the Minotaur Fighter began the quest for the Orb.
     0 | D:1      | Reached XP level 1. HP: 19/19 MP: 0/0
   118 | D:1      | Reached XP level 2. HP: 24/27 MP: 1/1
   720 | D:1      | Reached XP level 3. HP: 33/33 MP: 2/2
   990 | D:2      | Reached XP level 4. HP: 33/40 MP: 3/3
  1014 | D:2      | HP: 1/40 [orc/+0 trident (8)]
  1015 | D:2      | Slain by an orc

Levels and vault maps discovered:
D:1:      ldierk_water_garden, layout_basic, kennysheep_nondescript,
          minmay_tetromino_s4
D:2:      kennysheep_six_static_rooms, layout_basic,
          chequers_ecumenical_altar_simple, uniq_sigmund

Skill      XL: |  1  2  3 |
---------------+----------+-----
Armour         | 4 |  4.7
Maces & Flails | 3 4 |  4.5
Fighting       | |  3.7
Shields        | |  3.8

Action                   |  1- 3 |  4- 6 || total
-------------------------+-------+-------++-------
Melee: Flail             |    68 |    14 ||    82
       Headbutt          |     9 |     1 ||    10
Armor: Scale mail        |    35 |    14 ||    49
Dodge: Dodged            |    19 |     8 ||    27
Block: Shield            |    39 |    19 ||    58
